AoeStats
← Louis

Arena

510332145Analyzed
4v4 RM · 2d ago on Sep 30, 2026· 38m 4s· 8 players
Game mode
Random Map
Map size
Large (8 player)
Population
200
Speed
Normal
Resources
Standard
Victory
Conquest
Starting age
Dark Age
Ending age
Imperial Age
RankedLock teamsTeams togetherTeam positionsShared explorationLock speedFull tech treeHidden civsTurbo modeCheats
Victory
Defeat
🇨🇳 Danes · China
549
+11
🇯🇵 Ethiopians · Japan
489
+14
🇨🇳 Persians · China
417
+17
🇨🇳 Bohemians · China
360
+19
🇬🇧 Saracens · United Kingdom
530
-18
🇺🇸 Poles · United States
470
-17
🇨🇳 Maya · China
403
-14
🇨🇳 Bohemians · China
348
-12
TheFoustAffectTTV
11:22 Feudal Age
11:50 Double-Bit Axe
17:33 Castle Age
17:46 Forging
17:41 Scale Mail Armor
17:33 Fletching
22:24 Bow Saw
whatabluemonkey
12:16 Feudal Age
13:24 Double-Bit Axe
13:31 Gold Mining
13:33 Stone Mining
14:23 Horse Collar
15:45 Stone Mining
19:53 Wheelbarrow
19:27 Loom
20:17 Wheelbarrow
23:39 Castle Age
21:56 Scale Barding Armor
22:02 Forging
22:58 Bloodlines
24:37 Husbandry
25:23 Bow Saw
25:16 Heavy Plow
26:05 Gold Shaft Mining
25:34 Caravan
29:44 Chain Barding Armor
33:00 Iron Casting
33:45 Fortified Wall
33:47 Murder Holes
36:11 Hand Cart
北野_
5:34 Loom
14:15 Feudal Age
17:20 Horse Collar
19:15 Wheelbarrow
18:32 Double-Bit Axe
30:28 Castle Age
29:39 Padded Archer Armor
29:47 Scale Barding Armor
29:44 Scale Mail Armor
29:56 Forging
31:30 Hand Cart
31:55 Heavy Plow
Louis
12:05 Feudal Age
20:40 Castle Age
26:27 Stone Mining
26:48 Thumb Ring
28:15 Crossbowman
31:55 Stone Shaft Mining
31:12 Gold Mining
33:11 Elite Skirmisher
36:24 Imperial Age
35:15 Wheelbarrow
34:29 Loom
35:20 Ballistics
35:03 Scale Mail Armor
35:03 Padded Archer Armor
35:42 Man-at-Arms
35:50 Pikeman
Gatherer
11:11 Feudal Age
12:44 Double-Bit Axe
15:06 Castle Age
13:56 Horse Collar
16:08 Bow Saw
16:41 Wheelbarrow
17:34 Heavy Plow
19:12 Loom
28:54 Imperial Age
26:41 Hand Cart
27:00 Loom
27:01 Town Watch
27:46 Stone Mining
27:46 Gold Mining
30:32 Stone Shaft Mining
30:32 Gold Shaft Mining
30:33 Stone Shaft Mining
30:33 Gold Shaft Mining
30:14 Squires
29:59 Gambesons
29:59 Arson
30:26 Siege Engineers
31:21 Chemistry
30:26 Siege Engineers
31:21 Chemistry
32:03 Town Watch
33:22 Chemistry
32:32 Masonry
33:22 Chemistry
32:42 Ballistics
32:18 Murder Holes
32:43 Ballistics
32:18 Murder Holes
32:50 Town Patrol
34:51 Forging
34:46 Scale Barding Armor
34:41 Scale Mail Armor
34:42 Padded Archer Armor
34:32 Fletching
34:42 Padded Archer Armor
35:20 Caravan
35:52 Coinage
36:11 Iron Casting
36:04 Onager
38:14 Banking
Carpet Johan
10:43 Feudal Age
11:47 Double-Bit Axe
14:15 Castle Age
12:35 Horse Collar
20:30 Loom
22:48 Wheelbarrow
24:10 Hand Cart
23:51 Gold Mining
25:34 Gold Shaft Mining
28:58 Imperial Age
27:42 Fortified Wall
27:54 Ballistics
29:09 Masonry
31:09 Chemistry
30:14 Siege Engineers
30:13 Torsion Engines
30:33 Conscription
33:19 Forging
32:59 Fletching
33:10 Scale Mail Armor
34:01 Architecture
33:47 Caravan
34:17 Coinage
33:58 Guilds
34:55 Heavy Scorpion
37:26 Stone Mining
maymay
10:43 Feudal Age
14:33 Castle Age
13:16 Double-Bit Axe
13:47 Horse Collar
13:58 Loom
17:24 Wheelbarrow
22:11 Bow Saw
22:53 Gold Mining
23:19 Heavy Plow
29:22 Imperial Age
27:52 Forging
27:47 Scale Barding Armor
27:41 Herbal Medicine
28:27 Gold Shaft Mining
27:42 Stone Mining
28:32 Kamandaran
30:06 Conscription
30:52 Chemistry
29:50 Murder Holes
31:09 Stone Shaft Mining
31:41 Two-Man Saw
31:40 Crop Rotation
32:03 Husbandry
32:14 Bloodlines
32:16 Thumb Ring
31:36 Crossbowman
33:48 Iron Casting
33:33 Chain Barding Armor
33:12 Guard Tower
33:34 Masonry
33:45 Ballistics
35:53 Blast Furnace
36:06 Plate Barding Armor
35:34 Padded Archer Armor
35:25 Fletching
36:34 Citadels
Alicization
11:17 Feudal Age
15:23 Castle Age
14:03 Double-Bit Axe
14:45 Horse Collar
17:33 Wheelbarrow
17:54 Fervor
23:28 Hand Cart
24:41 Bow Saw
28:26 Imperial Age
28:48 Chemistry
27:50 Heavy Plow
28:49 Houfnice
28:53 Pikeman
29:48 Halberdier
30:14 Arson
30:31 Squires
34:23 Caravan
34:35 Guilds
35:14 Heavy Scorpion
37:12 Two-Man Saw
Connection lost

Rejoining the realm…

Still unreachable

The connection could not be restored.

Session expired

The server has moved on; the page needs a fresh start.